 Dungeon Crawl Stone Soup version 0.19-a0-749-g66ae36b (webtiles) character file.

1941 vatarom the Sneak (level 9, -2/46 HPs)
             Began as a Vine Stalker Assassin on June 24, 2016.
             Was a Priest of Uskayaw.
             Slain by a killer bee (7 damage)
             ... on level 7 of the Dungeon.
             The game lasted 00:11:30 (4427 turns).

vatarom the Sneak (Vine Stalker Assassin)           Turns: 4427, Time: 00:11:30

Health: -2/46      AC:  6    Str: 16    XL:     9   Next: 18%
Magic:  0/14       EV: 14    Int: 12    God:    Uskayaw [***...]
Gold:   379        SH:  0    Dex: 16    Spells: 0 memorised, 8 levels left

rFire  . . .     SeeInvis .     a - +3 dagger
rCold  . . .     Gourm    +     s - +1 robe {Archmagi}
rNeg   . . .     Faith    .     (no shield)
rPois  .         Spirit   +     (no helmet)
rElec  .         Dismiss  .     d - +0 cloak
rCorr  .         Reflect  .     (no gloves)
SustAt .         Harm     .     l - +1 pair of boots
MR     +....                    i - amulet of the gourmand
Stlth  ++++......               (no ring)
                                t - ring of wizardry

@: lethally poisoned (-2 -> -2), somewhat resistant to hostile enchantments,
stealthy
A: fangs 3, regeneration 2, magic shield, antimagic bite, no device heal 3, rot
immunity
a: Stomp, Line Pass, Renounce Religion


You were on level 7 of the Dungeon.
You worshipped Uskayaw.
Uskayaw was most pleased with you.
You were full.

You visited 2 branches of the dungeon, and saw 8 of its levels.

You collected 379 gold pieces.

Inventory:

Hand Weapons
 a - a +3 dagger (weapon)
 b - a +0 blowgun
Missiles
 e - 32 poisoned needles
 f - 2 curare-tipped needles
Armour
 d - a +0 cloak (worn)
 j - a +0 robe
 l - a +1 pair of boots (worn)
 s - a +1 robe of the Archmagi (worn)
Magical Staves
 r - an uncursed staff of poison
Jewellery
 i - an amulet of the gourmand (around neck)
 t - a ring of wizardry (left hand)
 x - an uncursed amulet of rage {unknown}
Wands
 o - a wand of lightning (15/15)
 u - a wand of confusion (22/48)
Scrolls
 k - a scroll of fear
 m - 3 scrolls of identify
 n - 4 scrolls of remove curse
 v - a scroll of blinking
Potions
 h - 3 potions of flight
 q - 2 potions of curing
 w - a potion of brilliance
Comestibles
 c - a fruit
 g - 3 bread rations
 p - a slice of pizza
 z - a royal jelly


   Skills:
 + Level 4.3 Fighting
 - Level 5.5 Short Blades
 - Level 1.8 Throwing
 + Level 3.5 Dodging
 - Level 7.6 Stealth
 * Level 6.3 Invocations


You had 8 spell levels left.
You didn't know any spells.

Dungeon Overview and Level Annotations

Branches:
Dungeon (7/15)             Temple (1/1) D:4

Altars:
Ashenzari
Cheibriados
Dithmenos
Elyvilon
Fedhas
Gozag
Hepliaklqana
Kikubaaqudgha
Makhleb
Nemelex Xobeh
Okawaru
Pakellas
Qazlal
Ru
Trog
Uskayaw
Vehumet
Xom
Yredelemnul
Zin
The Shining One


Innate Abilities, Weirdness & Mutations

You have razor-sharp teeth.
You heal very quickly.
When hurt, damage is shared between your health and your magic reserves.
Your bite disrupts and absorbs the magic of your enemies.
Potions and wands cannot restore your health.
You are immune to rotting.


Message History

Unknown command.
You hit the killer bee but do no damage.
Your bite misses the killer bee. The killer bee closely misses you.
The orc priest invokes the aid of Beogh against you.
Beogh smites you!
* * * LOW HITPOINT WARNING * * *
You hear a shout! x2
Unknown command.
You stomp with the beat, sending a shockwave through the revelers around you!
The killer bee is moderately wounded.
You feel somewhat less full. The killer bee closely misses you.
The killer bee stings you.
* * * LOW HITPOINT WARNING * * *
Unknown command.
You don't have enough magic at the moment.
You miss the killer bee.
The killer bee is moderately wounded.
You feel sick. The killer bee barely misses you. The killer bee stings you!
You die...

.##..#..###..#...#
.##..#.#.........#
###..#......##...#
.............#...#
...........(.#...#
#....#.......# ..#
#...........## #.#
#..#.!......## #.#
#..#.........# #@#
#.#..........# #y#
....##.......###y###
..#####.....###yo..#
.......#...##(..s..#
..####........#..###
.................#
...######..##...##
...# ##....###


You could see 3 killer bees, an orc priest and a giant cockroach.

Vanquished Creatures
  Menkaure (D:5)
  Edmund (D:5)
  A phantom (D:6)
  3 sky beasts
  A necrophage (D:7)
  A centaur (D:5)
  An ogre (D:4)
  The ghost of Multipenetrator the Grave Robber, an amateur TeNe (D:3)
  A big kobold (D:7)
  2 killer bees (D:7)
  A howler monkey (D:5)
  A crimson imp (D:5)
  A giant frog zombie (D:5)
  A jelly (D:6)
  A hound (D:7)
  An orc priest (D:7)
  7 orc wizards
  A giant frog skeleton (D:5)
  An iguana (D:4)
  6 worker ants
  A hound skeleton (D:4)
  4 gnolls (D:5)
  10 adders
  A shadow imp (D:5)
  An ooze (D:4)
  2 adder skeletons
  2 worms
  4 dart slugs
  8 giant geckos
  29 orcs
  9 ball pythons
  7 bats
  8 giant cockroaches
  5 goblins
  7 hobgoblins
  A quokka (D:6)
  7 giant newts
  16 kobolds
  8 rats
164 creatures vanquished.

Notes
Turn   | Place    | Note
--------------------------------------------------------------
     0 | D:1      | vatarom the Vine Stalker Assassin began the quest for the Orb.
     0 | D:1      | Reached XP level 1. HP: 11/11 MP: 2/2
    49 | D:1      | Reached skill level 5 in Stealth
    51 | D:1      | Reached XP level 2. HP: 15/15 MP: 1/3
   544 | D:1      | Reached XP level 3. HP: 18/18 MP: 4/4
   991 | D:3      | Noticed Multipenetrator's ghost (amateur TeNe)
   998 | D:3      | Reached XP level 4. HP: 23/23 MP: 5/5
  1024 | D:3      | Killed Multipenetrator's ghost
  1024 | D:3      | Reached skill level 6 in Stealth
  1024 | D:3      | Reached XP level 5. HP: 12/26 MP: 4/6
  1709 | D:3      | Gained mutation: You heal very quickly. [Vine Stalker growth]
  1709 | D:3      | Reached XP level 6. HP: 30/30 MP: 7/7
  1953 | D:4      | Reached skill level 7 in Stealth
  2016 | D:4      | Found a staircase to the Ecumenical Temple.
  2033 | D:4      | Reached skill level 5 in Short Blades
  2062 | Temple   | Entered the Ecumenical Temple
  2104 | Temple   | Became a worshipper of Uskayaw the Reveler
  2206 | D:4      | Reached * piety under Uskayaw
  2214 | D:4      | Reached XP level 7. HP: 34/34 MP: 8/8
  2214 | D:4      | Reached ** piety under Uskayaw
  2284 | D:4      | Reached *** piety under Uskayaw
  2291 | D:4      | Reached **** piety under Uskayaw
  2489 | D:5      | Entered Level 5 of the Dungeon
  2576 | D:5      | Reached skill level 1 in Dodging
  2576 | D:5      | Reached skill level 1 in Invocations
  2896 | D:5      | Noticed Menkaure
  2901 | D:5      | Killed Menkaure
  2901 | D:5      | Gained mutation: You have razor-sharp teeth. [Vine Stalker growth]
  2901 | D:5      | Reached XP level 8. HP: 39/39 MP: 9/11
  2915 | D:5      | Noticed Edmund
  2940 | D:5      | Killed Edmund
  3624 | D:6      | Found an oddly glowing altar of Pakellas.
  3648 | D:6      | Reached skill level 5 in Invocations
  4173 | D:7      | Reached XP level 9. HP: 38/45 MP: 14/14
  4427 | D:7      | Slain by a killer bee

Vault maps used:
D:1:      nicolae_arrival_memento_mori
D:3:      minmay_snake_closets
D:4:      first_bread, minmay_misc_feat_cross, minmay_misc_feat_plants,
          minmay_checkerbox
D:5:      gup_sewer_entry_spiral, kennysheep_generic_room_14, uniq_edmund,
          uniq_menkaure
D:6:      serial_park_tiny_2, johnstein_pakellas_death_squad
D:7:      david_defended_altar_orc
Temple:   compressed_dpeg_circular_temple

Skill      XL: |  1  2  3  4  5  6  7  8  9 |
---------------+----------------------------+-----
Short Blades   | 2 3 4 5 |  5.5
Stealth        | 5 6 7 |  7.6
Dodging        | 1 3 |  3.5
Invocations    | 3 5 6 |  6.3
Fighting       | 2 4 |  4.3
Throwing       | |  1.8

Action                   |  1- 3 |  4- 6 |  7- 9 || total
-------------------------+-------+-------+-------++-------
Melee: Dagger            |    82 |   182 |   353 ||   617
       Bite              |    18 |    52 |   104 ||   174
Invok: Stomp             |       |       |     1 ||     1
       Line Pass         |       |       |     1 ||     1
  Use: Scroll            |     4 |       |     4 ||     8
       Potion            |     2 |     4 |       ||     6
 Stab: Sleeping          |    16 |    16 |    12 ||    44
       Distracted        |     1 |       |     1 ||     2
       Paralysed         |       |       |     5 ||     5
  Eat: Chunk             |       |    12 |     5 ||    17
       Fruit             |       |     1 |       ||     1
Armor: Robe              |    18 |    30 |    62 ||   110
Dodge: Dodged            |    46 |    74 |   146 ||   266
